 Dungeon Crawl Stone Soup version 0.27.0-1-g7a089689b8 (webtiles) character file.

Game seed: 2824079445846601251

2914 SnakkuSnakku7 the Cleaver (level 9, -4/88 HPs)
             Began as a Gargoyle Berserker on Aug 11, 2021.
             Was an Elder of Trog.
             Slain by an orc warrior (15 damage)
             ... on level 7 of the Dungeon.
             The game lasted 00:07:54 (5919 turns).

SnakkuSnakku7 the Cleaver (Gargoyle Berserker)      Turns: 5919, Time: 00:07:55

Health: -4/88      AC: 24    Str: 20    XL:     9   Next: 78%
Magic:  9/9        EV:  2    Int:  9    God:    Trog [****..]
Gold:   155        SH:  0    Dex: 18    Spells: 8/8 levels left

rFire    . . .     SeeInvis +   a - +5 battleaxe
rCold    . . .     Faith    .   (shield currently unavailable)
rNeg     + + +     Spirit   .   (armour currently unavailable)
rPois    ∞         Reflect  .   (helmet currently unavailable)
rElec    .         Harm     .   (cloak currently unavailable)
rCorr    .         Rampage  .   (gloves currently unavailable)
Will     .....     NoTele   +   (boots currently unavailable)
Stlth    ++........             (no amulet)
HPRegen  0.24/turn              x - +6 ring of dexterity
MPRegen  0.11/turn              o - ring of see invisible

@: tree-form, very slightly contaminated
A: stationary, stasis, torment immunity, boosted hp, sickness immunity, AC +6,
negative energy resistance 1, (electricity resistance), torment resistance 1,
petrification resistance
a: Renounce Religion, Berserk, Trog's Hand, Brothers in Arms


You were on level 7 of the Dungeon.
You worshipped Trog.
Trog was greatly pleased with you.
You were a tree.
You visited 1 branch of the dungeon, and saw 7 of its levels.

You collected 311 gold pieces.
You spent 156 gold pieces at shops.

Inventory:

Hand Weapons
 a - a +5 battleaxe (weapon)
 e - a +0 hand axe
 z - a +0 war axe
Armour
 b - a +0 animal skin
 c - a +0 buckler
 f - a +0 chain mail
 A - a +0 plate armour (melded)
Jewellery
 o - a ring of see invisible (right branch)
 x - a +6 ring of dexterity (left branch)
Wands
 r - a wand of flame (6)
Scrolls
 d - a scroll of magic mapping {unknown}
 g - a scroll of amnesia {unknown}
 h - a scroll of holy word {unknown}
 j - a scroll of enchant armour {unknown}
 l - 2 scrolls of enchant weapon
 n - 2 scrolls of teleportation
 p - a scroll of immolation {unknown}
 s - a scroll of vulnerability {unknown}
 u - 2 scrolls of blinking
 v - 4 scrolls of fog
 w - a scroll of summoning {unknown}
Potions
 i - a potion of haste
 m - 2 potions of heal wounds {unknown}
 q - 3 potions of lignification
 t - 3 potions of curing


   Skills:
 - Level 8.0 Fighting
 + Level 10.2 Axes
 - Level 2.1 Armour
 - Level 1.5 Dodging
 - Level 4.0 Shields


You had 8 spell levels left.
You didn't know any spells.
Your spell library was empty.

Dungeon Overview and Level Annotations

Branches:
Dungeon (7/15)             Temple (0/1) D:4

Altars:
Ashenzari
Cheibriados
Okawaru
Qazlal
Trog
Xom

Shops:
D:4 :   D:6 *:   D:7 *


Innate Abilities, Weirdness & Mutations

You are a tree.
Your roots penetrate the ground, keeping you stationary.
You cannot be teleported.
You are immune to unholy pain and torment.
Your maximum health is greatly increased.
Your equipment is partially melded.
You are immune to sickness and miasma.
((Your stone body is resilient. (AC +6)))
You are immune to poison.
You resist negative energy. (rN+)
((You are resistant to electric shocks. (rElec)))
You are resistant to unholy torment.
You are immune to petrification.


Message History

Throw: throwing net
Press: ? - help, Shift-Dir - straight line, f/p - orc warrior
Aim: an orc warrior, wielding a +0 glaive and wearing a +0 chain mail (62% to hit)
You throw a throwing net. The throwing net hits the orc warrior.
The orc warrior is caught in the net!
The orc warrior struggles against the net.
Okay, then.
You fade into invisibility!
The orc warrior struggles against the net.
You are very lightly contaminated with residual magic.
It was a potion of curing.
You feel better.
The orc warrior struggles against the net.
Unknown command.
The orc warrior struggles against the net.
The orc warrior struggles against the net.
The net rips apart, and the orc warrior comes free!
The orc warrior hits you but does no damage.
The orc warrior hits you from afar with a +0 glaive.
The orc warrior hits you from afar with a +0 glaive!
* * * LOW HITPOINT WARNING * * *
The orc warrior hits you from afar with a +0 glaive.
* * * LOW HITPOINT WARNING * * *
The orc warrior barely misses you.
The orc warrior hits you but does no damage.
You flicker for a moment.
The orc warrior hits you from afar with a +0 glaive.
* * * LOW HITPOINT WARNING * * *
The orc warrior barely misses you.
The orc warrior hits you but does no damage.
The orc warrior hits you from afar with a +0 glaive.
* * * LOW HITPOINT WARNING * * *
The orc warrior completely misses you.
Okay, then.
You fail to use your ability.
You flicker back into view.
The orc warrior hits you but does no damage.
Unknown command.
You fail to use your ability.
The orc warrior hits you from afar with a +0 glaive!
You die...

.........# #..# #..
.........# ##.## ##.
.......(.# ###..# ##
.....(...# ##....# #
#))## ###...#..#
#...###...###..#
#..o##...## ##..#
#..)...#### ..##
##.)♣##...#####..#
#.#..........#..#
#..#.....).....#.##
#..##....).........#
#.# #.....)).......#
.# #...............
.. #...............
#...............
#...............


You could see an orc warrior.

Vanquished Creatures
  The ghost of dolemite99 the Destroyer, a novice GrCj of Sif Muna (D:6)
  An acid dragon (D:6)
  A water moccasin (D:6)
  An orc warrior (D:7)
  An ice beast (D:6)
  2 sky beasts
  A necrophage (D:5)
  A black bear (D:6)
  4 ogres
  3 phantoms
  A gnoll sergeant (D:5)
  A bullfrog (D:7)
  A scorpion (D:4)
  A water moccasin skeleton (D:5)
  7 wights
  A howler monkey (D:6)
  A bullfrog zombie (D:5)
  2 jellies (D:5)
  2 hounds (D:4)
  3 orc priests
  2 bullfrog skeletons
  An iguana (D:7)
  5 orc wizards
  A hound skeleton (D:4)
  2 howler monkey skeletons (D:6)
  A howler monkey zombie (D:5)
  7 gnolls (D:5)
  10 adders
  2 shadow imps (D:7)
  2 white imps
  3 ufetubi
  A worm (D:2)
  4 dart slugs
  25 orcs
  5 bats
  10 endoplasms
  5 giant cockroaches
  4 goblins
  10 hobgoblins
  8 jackals
  4 quokkas
  5 ball pythons
  3 frilled lizards
  3 kobolds
  2 rats
161 creatures vanquished.

Vanquished Creatures (others)
  A plant (D:3)
1 creature vanquished.

Grand Total: 162 creatures vanquished

Notes
Turn   | Place    | Note
-------+----------+-------------------------------------------
     0 | D:1      | SnakkuSnakku7 the Gargoyle Berserker began the quest for
                  | the Orb.
     0 | D:1      | Reached XP level 1. HP: 14/14 MP: 1/1
   156 | D:1      | Reached XP level 2. HP: 19/19 MP: 2/2
   223 | D:1      | Reached skill level 3 in Axes
   567 | D:1      | Reached skill level 1 in Shields
   886 | D:2      | Reached XP level 3. HP: 22/24 MP: 3/3
  1134 | D:2      | Reached ** piety under Trog
  1309 | D:2      | Found a bloodstained altar of Trog.
  1688 | D:3      | Reached XP level 4. HP: 29/29 MP: 4/4
  1884 | D:3      | Reached XP level 5. HP: 33/34 MP: 5/5
  2441 | D:4      | Found a broken altar of Ashenzari.
  2518 | D:4      | Reached skill level 4 in Axes
  2525 | D:4      | Noticed an ogre
  2528 | D:4      | Reached *** piety under Trog
  2534 | D:4      | Killed an ogre
  2535 | D:4      | Reached skill level 5 in Fighting
  2535 | D:4      | Reached XP level 6. HP: 19/40 MP: 6/6
  2711 | D:4      | Found a staircase to the Ecumenical Temple.
  2729 | D:4      | Found Qos Oly's Book Emporium.
  2757 | D:4      | Found an iron altar of Okawaru.
  2964 | D:4      | Reached XP level 7. HP: 42/44 MP: 7/7
  3166 | D:4      | Reached skill level 5 in Axes
  3439 | D:5      | Entered Level 5 of the Dungeon
  3510 | D:5      | Found a shimmering altar of Xom.
  3575 | D:5      | Reached **** piety under Trog
  3576 | D:5      | Reached XP level 8. HP: 52/52 MP: 8/8
  3748 | D:5      | Found a snail-covered altar of Cheibriados.
  3758 | D:5      | Reached skill level 6 in Axes
  4294 | D:5      | Reached skill level 7 in Axes
  4643 | D:5      | Found a stormy altar of Qazlal.
  4768 | D:6      | Found Furaopes's Book Shoppe.
  4870 | D:6      | Reached skill level 8 in Axes
  4870 | D:6      | Reached XP level 9. HP: 20/59 MP: 9/9
  4948 | D:6      | HP: 2/59 [acid dragon (7)]
  5077 | D:6      | Reached skill level 9 in Axes
  5153 | D:6      | Found Yranaph's CLEARANCE SALE! EVERYTHING MUST GO!.
  5159 | D:6      | Bought 2 scrolls of fog for 24 gold pieces
  5159 | D:6      | Bought a scroll of blinking for 45 gold pieces
  5393 | D:6      | Found a large runed translucent door.
  5393 | D:6      | Found a large runed translucent door.
  5397 | D:6      | Noticed dolemite99's ghost (novice GrCj)
  5501 | D:6      | Killed dolemite99's ghost
  5605 | D:7      | Found Qeic's Assorted Antiques.
  5631 | D:7      | Bought a metallic red potion for 27 gold pieces
  5631 | D:7      | Bought a scroll of fog for 60 gold pieces
  5841 | D:7      | Reached skill level 10 in Axes
  5919 | D:7      | Slain by an orc warrior

Illustrated notes

Levels and vault maps discovered:
D:1:      co_arrival_random_square_maze, layout_loops_cross
D:2:      layout_basic, basic_altar
D:3:      cheibrodos_old_hovel, layout_basic
D:4:      minmay_octagon_keep, layout_basic, ashenzari_conservatory_becter,
          okawaru_metal_pillars_1_2, minmay_temple_entry_stoned_glass,
          serial_shops, nicolae_shop_crystal, serial_glass, glass_columns_a,
          glass_columns_b, glass_columns_c, glass_columns_c, due_unseen_surprise
D:5:      layout_basic, mainiacjoe_overflow_alcove_1, minmay_stone_trees_small,
          hangedman_feature_mirror
D:6:      layout_loops_ring, serial_shops, nicolae_shop_waterfront,
          ebering_ghost_disaster_area, chequers_mini_garden,
          nicolae_shop_clearance
D:7:      layout_cave_pods, serial_shops, shop, ebering_ghost_xom,
          guppyfry_shop_venom

Skill      XL: |  1  2  3  4  5  6  7  8  9 |
---------------+----------------------------+-----
Axes           | 3 4 5 8 10 | 10.2
Shields        | 1 2 3 4 |  4.0
Fighting       | 4 5 6 8 |  8.0
Armour         | |  2.1
Dodging        | |  1.5

Action                   |  1- 3 |  4- 6 |  7- 9 || total
-------------------------+-------+-------+-------++-------
Melee: Hand axe          |    32 |       |       ||    32
       War axe           |    67 |   171 |   262 ||   500
       Battleaxe         |       |       |    24 ||    24
Throw: Throwing net      |       |       |     2 ||     2
Invok: Berserk           |     1 |     3 |     9 ||    13
       Trog's Hand       |       |       |     1 ||     1
Evoke: Wand              |       |       |     1 ||     1
  Use: Scroll            |       |     3 |     2 ||     5
       Potion            |       |       |     3 ||     3
Armor: Animal skin       |    18 |       |       ||    18
       Chain mail        |    36 |   132 |   138 ||   306
       Skin              |       |       |     9 ||     9
       Plate armour      |       |       |     6 ||     6
Dodge: Dodged            |    61 |    89 |    91 ||   241
Block: Buckler           |    15 |    41 |    61 ||   117
